 Dungeon Crawl Stone Soup version 0.24.0-123-gd5b16e6ec5 (webtiles) character file.

Game seed: 3328792787488475255, levelgen mode: deterministic

2929 Delamore the Severer (level 9, 0/70 HPs)
             Began as a Hill Orc Fighter on Dec 28, 2019.
             Was an Elder of Okawaru.
             Hit by a boomerang thrown by an orc warrior (2 damage)
             ... on level 7 of the Dungeon.
             The game lasted 00:07:58 (4952 turns).

Delamore the Severer (Hill Orc Fighter)             Turns: 4952, Time: 00:07:59

Health: 0/70       AC: 13    Str: 22    XL:     9   Next: 79%
Magic:  0/9        EV:  4    Int:  8    God:    Okawaru [****..]
Gold:   392        SH:  9    Dex: 10    Spells: 8/8 levels left

rFire    + . .     SeeInvis .   I - +1 hand axe (chop)
rCold    x . .     Gourm    .   c - +0 shield
rNeg     . . .     Faith    .   D - +0 plate armour
rPois    .         Spirit   .   j - +0 helmet
rElec    .         Reflect  .   z - scarf {repulsion}
rCorr    .         Harm     .   (no gloves)
MR       .....                  G - +0 pair of boots
Stlth    ..........             (no amulet)
HPRegen  0.21/turn              n - ring of stealth
MPRegen  0.11/turn              s - ring of fire (curse)

@: lightly drained, repel missiles
A: no striking features
a: Heroism, Renounce Religion


You were on level 7 of the Dungeon.
You worshipped Okawaru.
Okawaru was greatly pleased with you.
You were not hungry.

You visited 2 branches of the dungeon, and saw 8 of its levels.

You collected 392 gold pieces.

Inventory:

Hand Weapons
 a - a +0 war axe
 I - a +1 hand axe of chopping (weapon)
Missiles
 y - 3 javelins (quivered)
Armour
 c - a +0 shield (worn)
 j - a +0 helmet (worn)
 x - a +1 cloak
 z - a scarf of repulsion (worn)
 D - a +0 plate armour (worn)
 G - a +0 pair of boots (worn)
Jewellery
 n - a ring of stealth (left hand)
 s - a cursed ring of fire (right hand)
 F - a +5 amulet of reflection {unknown}
Wands
 r - a wand of flame (15)
 C - a wand of acid (4)
Scrolls
 b - a scroll of noise {unknown}
 e - 2 scrolls of teleportation
 i - 2 scrolls of fog
 k - 5 scrolls of identify
 l - a scroll of blinking {unknown}
 o - 2 scrolls of remove curse {unknown}
 v - a scroll of random uselessness {unknown}
 w - a scroll of amnesia {unknown}
 B - a scroll of enchant armour {unknown}
Potions
 d - a potion of might
 g - 2 potions of ambrosia {unknown}
 h - a potion of resistance {unknown}
 m - a potion of heal wounds {unknown}
 p - 4 potions of curing {unknown}
 q - a potion of lignification {unknown}
 t - 2 potions of brilliance {unknown}
 u - a potion of cancellation {unknown}
 A - a potion of degeneration {unknown}
 E - a potion of flight {unknown}
Comestibles
 f - 10 rations
 H - 7 chunks of flesh


   Skills:
 - Level 3.6(3.4) Fighting
 + Level 16.2(15.9) Axes
 - Level 3.2(3.0) Armour
 - Level 3.2(3.0) Shields


You had 8 spell levels left.
You didn't know any spells.
Your spell library contained the following spells:

 Spells                   Type           Power        Failure   Level  Hunger
 Animate Skeleton         Necr           N/A          100%        1    ##.....
 Beastly Appendage        Tmut           #.....       100%        1    ##.....
 Infusion                 Chrm           #...         100%        1    ##.....
 Pain                     Necr           #...         100%        1    ##.....
 Shroud of Golubria       Chrm/Tloc      #.....       100%        2    ###....
 Song of Slaying          Chrm           #.......     100%        2    ###....
 Inner Flame              Hex/Fire       #.......     100%        3    ####...
 Regeneration             Chrm/Necr      #.........   100%        3    ####...
 Spectral Weapon          Hex/Chrm       #.......     100%        3    ####...
 Vampiric Draining        Necr           #.........   100%        3    ####...
 Animate Dead             Necr           N/A          100%        4    #####..
 Petrify                  Tmut/Erth      #.......     100%        4    #####..
 Yara's Violent Unravell  Hex/Tmut       #.........   100%        5    ######.
 Dragon Form              Tmut           #.........   100%        7    #######


Dungeon Overview and Level Annotations

Branches:
Dungeon (7/15)             Temple (1/1) D:4

Altars:
Ashenzari
Dithmenos
Fedhas
Gozag
Hepliaklqana
Kikubaaqudgha
Makhleb
Nemelex Xobeh
Okawaru
Qazlal
Ru
Sif Muna
Trog
Uskayaw
Wu Jian
Xom
Zin
The Shining One

Shops:
D:6 (


Message History

You hit the orc warrior but do no damage.
The orc warrior is almost dead.
The orc warrior hits you but does no damage.
You barely miss the orc warrior.
The orc warrior is almost dead.
The orc warrior hits you with a +1 antimagic long sword!
* * * LOW HITPOINT WARNING * * *
You feel your power leaking away.
You closely miss the orc warrior.
The orc warrior is almost dead.
The orc warrior throws a boomerang.
You block the boomerang.
The weapon returns to the orc warrior!
You see here an orc corpse.
Throwing (i - inventory)
y - 4 javelins (quivered)
Press: ? - help, Shift-Dir - straight line, f - orc warrior
Aim: an orc warrior, wielding a +1 antimagic long sword and wearing a +0 plate armour (almost dead)
You throw a javelin.
The javelin closely misses the orc warrior.
The orc warrior throws a boomerang.
The boomerang hits you.
You die...

.###
#.#..##...### .#
#.##..#.### .#
##.......# .####
#..###...#
....####<.# ###.#
..#.......# #.##
#..##...#####
#..#
##.##....[..#
##)#
#.#..#####<####@#
##...## #......#
#....# #####)o#
<.#..## ##..
......# #.[.
..###'# .....
#.#§≈.≈≈# )$....
#.#≈≈.§≈# .(....#
#.#§._.§#
#......#


You could see an orc warrior.

Vanquished Creatures
  Pikel (D:4)
  The ghost of tropicdream the Ruffian, a novice TrMo of Yredelemnul (D:4)
  Sigmund (D:3)
  Menkaure (D:6)
  A water moccasin (D:7)
  2 sky beasts (D:7)
  A slave (D:4)
  An orc warrior (D:7)
  A black bear (D:6)
  A phantom (D:5)
  4 centaurs
  2 bullfrogs (D:7)
  A howler monkey (D:4)
  A crimson imp (D:5)
  4 hounds
  2 bullfrog zombies
  2 orc priests
  A centaur skeleton (D:5)
  5 iguanas
  3 worker ants
  A killer bee zombie (D:4)
  A hound zombie (D:6)
  A hound skeleton (D:5)
  A howler monkey skeleton (D:4)
  9 adders
  3 shadow imps
  4 oozes
  2 worms
  2 dart slugs
  2 leopard geckos (D:2)
  12 orcs
  11 bats
  7 giant cockroaches
  7 hobgoblins
  10 jackals
  11 kobolds
  3 quokkas (D:6)
  2 ball pythons
  2 frilled lizards (D:2)
  9 goblins
  A quokka zombie (D:5)
  8 rats
145 creatures vanquished.

Vanquished Creatures (others)
  An orc (D:5)
  A giant cockroach (D:5)
  2 withered plants (D:4)
4 creatures vanquished.

Grand Total: 149 creatures vanquished

Notes
Turn   | Place    | Note
-------+----------+-------------------------------------------
     0 | D:1      | Delamore the Hill Orc Fighter began the quest for the Orb.
     0 | D:1      | Reached XP level 1. HP: 19/19 MP: 1/1
    63 | D:1      | Reached skill level 3 in Axes
   136 | D:1      | Reached XP level 2. HP: 23/26 MP: 2/2
   175 | D:1      | Reached skill level 4 in Axes
   490 | D:1      | Reached XP level 3. HP: 31/31 MP: 3/3
   932 | D:2      | Reached skill level 5 in Axes
  1020 | D:2      | Found an opulent altar of Gozag.
  1020 | D:2      | Found a shattered altar of Ashenzari.
  1020 | D:2      | Found a blossoming altar of Fedhas.
  1054 | D:2      | Reached XP level 4. HP: 38/39 MP: 4/4
  1300 | D:2      | Reached skill level 6 in Axes
  1631 | D:3      | Noticed Sigmund
  1638 | D:3      | Killed Sigmund
  1638 | D:3      | Reached skill level 8 in Axes
  1638 | D:3      | Reached XP level 5. HP: 24/45 MP: 5/5
  1638 | D:3      | Reached XP level 6. HP: 27/51 MP: 6/6
  2025 | D:4      | Found a burning altar of Makhleb.
  2053 | D:4      | Found a runed translucent door.
  2059 | D:4      | Reached skill level 9 in Axes
  2062 | D:4      | Noticed tropicdream's ghost (novice TrMo)
  2128 | D:4      | Reached XP level 7. HP: 50/57 MP: 7/7
  2190 | D:4      | Found a staircase to the Ecumenical Temple.
  2205 | Temple   | Entered the Ecumenical Temple
  2271 | Temple   | Became a worshipper of Warmaster Okawaru
  2697 | D:4      | Killed tropicdream's ghost
  2697 | D:4      | Reached * piety under Okawaru
  2697 | D:4      | Reached skill level 11 in Axes
  2834 | D:5      | Entered Level 5 of the Dungeon
  2839 | D:5      | Noticed Pikel
  2984 | D:4      | Killed Pikel
  2984 | D:4      | Reached ** piety under Okawaru
  2984 | D:4      | Reached skill level 12 in Axes
  2984 | D:4      | Reached XP level 8. HP: 10/64 MP: 8/8
  3262 | D:5      | Reached skill level 13 in Axes
  3501 | D:5      | Reached XP level 9. HP: 68/70 MP: 9/9
  3639 | D:5      | Found a burning altar of Makhleb.
  3648 | D:5      | Reached skill level 14 in Axes
  3766 | D:6      | Identified the Volume of Torrid Transmigration
  3771 | D:6      | Reached *** piety under Okawaru
  3847 | D:6      | Noticed Menkaure
  3857 | D:6      | Killed Menkaure
  3945 | D:6      | Found Fiol's Antique Weapon Boutique.
  4372 | D:7      | Reached skill level 15 in Axes
  4759 | D:7      | Found a shimmering altar of Xom.
  4824 | D:7      | Reached skill level 16 in Axes
  4840 | D:7      | Found a glowing golden altar of the Shining One.
  4925 | D:7      | Reached **** piety under Okawaru
  4949 | D:7      | HP: 1/70 [orc warrior/+1 antimagic long sword (12)]
  4952 | D:7      | Hit by a boomerang thrown by an orc warrior

Levels and vault maps discovered:
D:1:      minmay_arrival_loop, layout_basic
D:2:      layout_loops_ring, grunt_temple_overflow_open, first_ration
D:3:      layout_rooms, kennysheep_big_empty_room, uniq_sigmund
D:4:      layout_loops_ring, minmay_temple_entry_stoned_glass,
          gammafunk_ghost_grave, lemuel_tele_altar
D:5:      layout_cave_pools, makhleb_grotto_becter, uniq_pikel
D:6:      layout_loops_ring, serial_shops, nicolae_shop_waterfront,
          uniq_menkaure
D:7:      layout_rooms, kennysheep_little_box, lemuel_doored_altar
Temple:   nicolae_temple_x_marks_the_god

Skill      XL: |  1  2  3  4  5  6  7  8  9 |
---------------+----------------------------+-----
Axes           | 3 4 5 8 9 12 13 16 | 16.2
Fighting       | |  3.6
Armour         | |  3.2
Shields        | |  3.2

Action                   |  1- 3 |  4- 6 |  7- 9 || total
-------------------------+-------+-------+-------++-------
Melee: War axe           |    85 |   155 |   227 ||   467
       Hand axe          |       |       |    43 ||    43
Throw: Javelin           |       |       |     5 ||     5
  Use: Scroll            |       |     2 |       ||     2
  Eat: Chunk             |     1 |     3 |     6 ||    10
       Ration            |       |       |     1 ||     1
Armor: Scale mail        |    25 |    50 |    40 ||   115
       Plate armour      |       |       |    86 ||    86
Dodge: Dodged            |    27 |    42 |    46 ||   115
Block: Shield            |    48 |    76 |   101 ||   225
